 Dungeon Crawl Stone Soup version 0.29.1-1-gd02db6906a (webtiles) character file.

Game seed: 894693269840129306

19 safid the Shooter (level 2, 0/26 HPs)
             Began as a Minotaur Hunter on Oct 3, 2022.
             Killed from afar by Natasha (5 damage)
             ... with a magic dart
             ... on level 2 of the Dungeon.
             The game lasted 00:00:56 (1317 turns).

safid the Shooter (Minotaur Hunter)                 Turns: 1317, Time: 00:00:57

Health: 0/26       AC:  3    Str: 15    XL:     2   Next: 55%
Magic:  1/1        EV: 12    Int:  6    God:
Gold:   72         SH:  0    Dex: 13    Spells: 1/1 levels left

rFire   . . .      SeeInvis .   a - +0 shortbow
rCold   . . .      Faith    .   (shield currently unavailable)
rNeg    . . .      Spirit   .   c - +0 leather armour
rPois   .          Reflect  .   (helmet restricted)
rElec   .          Harm     .   (no cloak)
rCorr   .          Rampage  .   (no gloves)
Will    .....                   (no boots)
Stlth   +.........              (no amulet)
HPRegen 0.08/turn               (no ring)
MPRegen 0.07/turn               (no ring)

@: slowed, very slow
A: horns 2, retaliatory headbutt
a: no special abilities


You were on level 2 of the Dungeon.
You visited 1 branch of the dungeon, and saw 2 of its levels.

You collected 72 gold pieces.

Inventory:

Hand Weapons
 a - a +0 shortbow (weapon)
Armour
 c - a +0 leather armour (worn)
Scrolls
 b - 2 scrolls of immolation
 e - a scroll of teleportation {unknown}
 f - a scroll of fear {unknown}
 j - a scroll of identify {unknown}
Potions
 d - 3 potions of invisibility {unknown}
 g - 2 potions of curing {unknown}
 h - a potion of lignification {unknown}
 i - 2 potions of might {unknown}


   Skills:
 - Level 3.0 Fighting
 + Level 5.0 Ranged Weapons
 - Level 2.1 Dodging
 - Level 0.7 Stealth


You had one spell level left.
You didn't know any spells.
Your spell library was empty.

Dungeon Overview and Level Annotations

Branches:
Dungeon (2/15)

Altars:

Annotations:
D:2 Natasha


Innate Abilities, Weirdness & Mutations

You have a pair of horns on your head.
You reflexively headbutt those who attack you in melee.


Message History

You are too injured to fight recklessly!
Unknown command.
Unknown command.
Fire: a) +0 shortbow
Press: ? - help, Q - select action Shift-Dir - straight line, f - Natasha, p - crimson imp
Aim: Natasha (53% to hit)
You shoot an arrow. The arrow closely misses Natasha.
Natasha claws you.
The crimson imp grinds its teeth.
The crimson imp barely misses you. Natasha casts a spell at you.
You resist with significant effort. The crimson imp closely misses you.
Unknown command.
Unknown command.
Unknown command.
Fire: a) +0 shortbow
Press: ? - help, Q - select action Shift-Dir - straight line, f/p - Natasha
Aim: Natasha (53% to hit)
You shoot an arrow.
The arrow hits Natasha but does no damage.
The crimson imp blinks!
Natasha misses you. The crimson imp hits you. Natasha completely misses you.
You furiously retaliate!
You headbutt Natasha, but do no damage.
The crimson imp blinks!
Fire: a) +0 shortbow
Press: ? - help, Q - select action Shift-Dir - straight line, f/p - Natasha
Aim: Natasha (53% to hit)
You shoot an arrow. The arrow hits Natasha.
Natasha is moderately wounded.
Natasha closely misses you. Natasha claws you.
* * * LOW HITPOINT WARNING * * *
Fire: a) +0 shortbow
Press: ? - help, Q - select action Shift-Dir - straight line, f/p - Natasha
Aim: Natasha (moderately wounded, 53% to hit)
You shoot an arrow. The arrow closely misses Natasha.
The crimson imp misses you.
Natasha wildly gestures.
Natasha glows brightly for a moment.
Natasha stares at you and mumbles some strange words.
The magic dart hits you.
You die...

..... ...#≈≈≈≈#
...~≈#####≈≈≈≈#
#.~≈≈≈≈≈≈≈≈≈#
.~~≈≈≈≈≈≈≈≈≈#
#.≈≈≈≈≈~~..#####
#.#~~5≈.........
#...............
#....h5.......
##.#.#@..#.###
...#.#...#
#####.#...#
#.#...# #......
..(###.. #.. .##
.. .#


You could see Natasha and 2 crimson imps.

Vanquished Creatures
  A dart slug (D:1)
  A bat (D:2)
  2 endoplasms (D:1)
  2 goblins (D:1)
  3 hobgoblins
  A quokka (D:1)
  2 frilled lizards (D:1)
  A kobold (D:1)
  3 rats (D:1)
16 creatures vanquished.

Notes
Turn   | Place    | Note
-------+----------+-------------------------------------------
     0 | D:1      | safid the Minotaur Hunter began the quest for the Orb.
     0 | D:1      | Reached XP level 1. HP: 18/18 MP: 0/0
   277 | D:1      | Reached XP level 2. HP: 24/26 MP: 1/1
  1011 | D:2      | Noticed Natasha
  1015 | D:2      | Noticed a crimson imp
  1137 | D:2      | Noticed a crimson imp
  1142 | D:2      | Reached skill level 5 in Ranged Weapons
  1310 | D:2      | Noticed a crimson imp
  1312 | D:2      | Noticed a crimson imp
  1317 | D:2      | Killed from afar by Natasha

Illustrated notes

Levels and vault maps discovered:
D:1:      minmay_arrival_four_houses, layout_basic
D:2:      layout_loops_cross, nicolae_ecumenical_lake_church,
          skrybe_limestone_x, uniq_terence, uniq_natasha

Skill      XL: |  1  2 |
---------------+-------+-----
Fighting       | 3 |  3.0
Ranged Weapons | 5 |  5.0
Dodging        | |  2.1
Stealth        | |  0.7

Action                   || total
-------------------------++-------
 Fire: Shortbow          ||    65
Armor: Leather armour    ||     2
Dodge: Dodged            ||    27
